 Dungeon Crawl Stone Soup version 0.21.1-1-g345015f (webtiles) character file.

340 wojtek the Chopper (level 6, -1/52 HPs)
             Began as a Minotaur Fighter on Mar 29, 2018.
             Slain by Pikel
             ... wielding a +2 whip of electrocution
              (20 damage)
             ... on level 4 of the Dungeon.
             The game lasted 00:04:20 (3670 turns).

wojtek the Chopper (Minotaur Fighter)               Turns: 3670, Time: 00:04:21

Health: -1/52      AC:  0    Str: 23    XL:     6   Next: 30%
Magic:  5/5        EV: 13    Int:  5    God:
Gold:   208        SH:  0    Dex:  9    Spells: 5/5 levels left

rFire    . . .     SeeInvis .   (weapon currently unavailable)
rCold    . . .     Gourm    .   (shield currently unavailable)
rNeg     . . .     Faith    .   (armour currently unavailable)
rPois    .         Spirit   .   (helmet currently unavailable)
rElec    .         Reflect  .   (cloak currently unavailable)
rCorr    .         Harm     .   (gloves currently unavailable)
MR       .....                  (boots currently unavailable)
Stlth    +.........             (no amulet)
HPRegen  0.17/turn              (ring currently unavailable)
MPRegen  0.09/turn              (ring currently unavailable)

@: pig-form, very quick
A: small, (retaliatory headbutt)
a: no special abilities


You were on level 4 of the Dungeon.
You were not hungry.
You were a filthy swine.
You visited 1 branch of the dungeon, and saw 5 of its levels.

You collected 208 gold pieces.

Inventory:

Hand Weapons
 a - a +0 war axe (melded)
 r - a +0 blowgun
Missiles
 g - a throwing net (quivered)
 s - 2 curare-tipped needles
 t - 10 poisoned needles
Armour
 c - a +0 shield (melded)
 y - a +2 scale mail of cold resistance (melded)
Jewellery
 E - an uncursed ring of fire {unknown}
Wands
 v - a wand of acid (9)
 w - a wand of paralysis (15)
Scrolls
 b - a scroll of enchant weapon {unknown}
 e - a scroll of random uselessness {unknown}
 h - a scroll of immolation {unknown}
 i - 2 scrolls of identify {unknown}
 k - 2 scrolls of amnesia {unknown}
 l - 3 scrolls of remove curse {unknown}
 n - 2 scrolls of teleportation {unknown}
 q - a scroll of fear {unknown}
 u - 2 scrolls of enchant armour {unknown}
Potions
 d - 2 potions of might
 j - 3 potions of heal wounds {unknown}
 m - 2 potions of curing {unknown}
 o - a potion of invisibility {unknown}
 p - 2 potions of degeneration {unknown}
 x - a potion of magic {unknown}
 A - a potion of mutation {unknown}
 B - 2 potions of flight {unknown}
 C - a potion of haste {unknown}
 D - a potion of brilliance {unknown}
Comestibles
 f - 4 rations
 z - 2 chunks of flesh


   Skills:
 + Level 3.9 Fighting
 + Level 7.8 Axes
 + Level 3.9 Armour
 + Level 0.9 Dodging
 - Level 3.6 Shields


You had 5 spell levels left.
You didn't know any spells.

Dungeon Overview and Level Annotations

Branches:
Dungeon (5/15)
 Temple: D:4-7

Altars:
Nemelex Xobeh
Sif Muna
Uskayaw
The Shining One

Shops:
D:4 *

Annotations:
D:4 Pikel
D:5 Grinder


Innate Abilities, Weirdness & Mutations

((You reflexively headbutt those who attack you in melee.))
((You have a pair of horns on your head.))


Message History

You hit Pikel but do no damage.
Pikel is severely wounded.
Pikel hits you with a whip of electrocution.
You hit Pikel but do no damage.
Pikel is severely wounded.
Pikel zaps a wand.
You hit Pikel.
Pikel is severely wounded.
Pikel hits you with a whip of electrocution.
You are electrocuted!
Pikel zaps a wand.
You resist with some effort.
You see here an animal skin.
You hit Pikel but do no damage.
Pikel is severely wounded.
Pikel barely misses you.
You completely miss Pikel.
Pikel is severely wounded.
Pikel hits you with a whip of electrocution.
You are electrocuted!
You die...

#..##.##....# #...........#
#..##.##....# #...........#
#...........# #...........#
....#.......# #..........(#
##.......#..# #...........#
.....#......# #...........#
###.......#.####...........#
...............)>..........#
................hK.........#
#..#.######.#.##.###########
#............[....#
..##.#####.....##.## ..##.#
#......##..# ..##.#
#......##..########
..##.####......###........#
.###...........# #..##'##.#
## #######.....# ##.#≈≈≈#.#


You could see Pikel.

Vanquished Creatures
  2 slaves (D:4)
  An ogre (D:4)
  An orc priest (D:4)
  A bullfrog skeleton (D:4)
  An orc wizard (D:4)
  Ijyb (D:4)
  A worker ant (D:4)
  4 gnolls
  2 adders
  An ooze (D:1)
  A worm (D:3)
  A dart slug (D:1)
  5 leopard geckos
  5 orcs
  3 bats
  4 giant cockroaches
  8 goblins
  3 hobgoblins
  4 kobolds
  A ball python (D:1)
  4 frilled lizards
  9 rats
63 creatures vanquished.

Notes
Turn   | Place    | Note
-------+----------+-------------------------------------------
     0 | D:1      | wojtek the Minotaur Fighter began the quest for the Orb.
     0 | D:1      | Reached XP level 1. HP: 19/19 MP: 0/0
    87 | D:1      | Reached skill level 3 in Axes
   117 | D:1      | Reached XP level 2. HP: 22/26 MP: 1/1
   377 | D:1      | Reached skill level 4 in Axes
   637 | D:2      | Found a sparkling altar of Nemelex Xobeh.
   649 | D:2      | Reached XP level 3. HP: 28/31 MP: 2/2
  1029 | D:2      | Reached skill level 5 in Axes
  1247 | D:2      | Reached XP level 4. HP: 31/39 MP: 3/3
  1508 | D:2      | Found a faded altar of an unknown god.
  1551 | D:2      | Found a deep blue altar of Sif Muna.
  1552 | D:2      | Found a glowing golden altar of the Shining One.
  1552 | D:2      | Found a hide-covered altar of Uskayaw.
  2289 | D:3      | Reached skill level 6 in Axes
  2548 | D:4      | Found Toskud's Assorted Antiques.
  2552 | D:4      | Noticed Ijyb
  2560 | D:4      | Killed Ijyb
  2560 | D:4      | Reached XP level 5. HP: 9/45 MP: 4/4
  2870 | D:4      | Reached skill level 7 in Axes
  3298 | D:4      | Reached XP level 6. HP: 49/51 MP: 5/5
  3479 | D:5      | Entered Level 5 of the Dungeon
  3479 | D:5      | Noticed Grinder
  3535 | D:5      | Noticed Pikel
  3536 | D:5      | Noticed a slave
  3536 | D:5      | Noticed a slave
  3536 | D:5      | Noticed a slave
  3537 | D:5      | Noticed a slave
  3596 | D:4      | Killed a slave
  3662 | D:4      | Killed a slave
  3670 | D:4      | Slain by Pikel

Skill      XL: |  1  2  3  4  5 |
---------------+----------------+-----
Axes           | 3 4 5 6 7 |  7.8
Fighting       | |  3.9
Armour         | |  3.9
Dodging        | |  0.9
Shields        | |  3.6

Action                   |  1- 3 |  4- 6 || total
-------------------------+-------+-------++-------
Melee: War axe           |    48 |    83 ||   131
       Headbutt          |    13 |    11 ||    24
       Unarmed           |       |    12 ||    12
  Eat: Chunk             |     1 |     8 ||     9
Armor: Scale mail        |    19 |    28 ||    47
Dodge: Dodged            |    12 |    24 ||    36
Block: Shield            |    17 |    35 ||    52
